Map: Dusk Towers

Players

Hiza

  • Race: Terran Terran
  • League: Master

Pokebunny - Winner!

  • Race: Terran Terran
  • League: Grandmaster

VOD

Have the link to the VOD?

Description

Time

  • Played on: April 4, 2016, 9:19 p.m.
  • Length: 3:23
Show
View Real Time Build Order
Export as new Build Order

Hiza Terran 

Build Orders:  

Get SALT Encoding   

  12  0:01  SCV  
  13  0:13  SCV  
  14  0:19  Supply Depot  
  14  0:25  SCV  
  15  0:40  SCV  
  16  0:46  Barracks  
  16  1:02  Barracks  
  16  1:17  Barracks  
  16  1:30  Barracks  
  16  1:34  Marine  
  17  1:47  Orbital Command  
  17  1:51  Marine  
  18  1:55  Marine  
  19  2:04  Marine  
  20  2:09  Marine  
  20  2:14  Supply Depot  
  21  2:18  Marine  
  22  2:23  Marine  
  23  2:30  Marine  
  23  2:38  Marine  
  23  2:43  Marine x2  
  23  2:50  Bunker  
  23  2:52  Marine  
  22  3:05  SCV  
Show
View Real Time Build Order
Export as new Build Order

Pokebunny Terran - Winner!

Build Orders: Reaper Expand 

Get SALT Encoding   

  12  0:01  SCV  
  13  0:13  SCV  
  14  0:17  Supply Depot  
  14  0:25  SCV  
  15  0:39  Barracks, SCV  
  16  0:43  Refinery  
  16  0:51  SCV  
  17  1:03  SCV  
  18  1:15  SCV  
  19  1:27  Orbital Command, Reaper  
  20  1:39  Command Center  
  20  1:46  Supply Depot  
  20  1:53  SCV  
  21  1:59  Marine  
  22  2:06  Factory  
  22  2:09  SCV  
  23  2:17  Marine  
  23  2:20  Refinery  
  24  2:23  SCV  
  25  2:34  Marine  
  27  2:51  Hellion  
  27  2:52  Marine  
Tags
 
Add a new tag
Caveats
  • Supply blocks, unpowered buildings, or Contaminate may cause inaccurate times.
  • Supply counts are checked every 10 seconds.